 Dungeon Crawl Stone Soup version 0.20.1-1-g8b1a95d (webtiles) character file.

15 slep the Skirmisher (level 2, -2/25 HPs)
             Began as a Formicid Abyssal Knight on Oct 31, 2017.
             Was a Follower of Lugonu.
             Slain by a kobold (3 damage)
             ... on level 1 of the Dungeon.
             The game lasted 00:06:25 (629 turns).

slep the Skirmisher (Formicid Abyssal Knight)        Turns: 629, Time: 00:06:26

Health: -2/25      AC:  3    Str: 16    XL:     2   Next: 65%
Magic:  3/3        EV: 11    Int: 11    God:    Lugonu [*.....]
Gold:   73         SH:  0    Dex: 10    Spells: 1/1 levels left

rFire    . . .     SeeInvis +   a - +1 falchion
rCold    . . .     Gourm    .   (no shield)
rNeg     . . .     Faith    .   b - +0 leather armour
rPois    .         Spirit   .   (helmet unavailable)
rElec    .         Reflect  .   (no cloak)
rCorr    .         Harm     .   (no gloves)
MR       .....                  (no boots)
Stlth    +.........             g - amulet of inaccuracy (curse)
Regen    0.1/turn               (no ring)
MPRegen  0.1/turn               (no ring)

@: no status effects
A: permanent stasis, dig shafts and tunnels, four strong arms, antennae 3
a: Dig, Shaft Self, Depart the Abyss, Renounce Religion


You were on level 1 of the Dungeon.
You worshipped Lugonu.
Lugonu was aware of your devotion.
You were not hungry.

You visited 1 branch of the dungeon, and saw 1 of its levels.
You visited the Abyss 1 time.

You collected 73 gold pieces.

Inventory:

Hand Weapons
 a - a +1 falchion (weapon)
Missiles
 m - 2 tomahawks (quivered)
Armour
 b - a +0 leather armour (worn)
Jewellery
 g - a cursed amulet of inaccuracy (around neck)
Scrolls
 d - a scroll of remove curse {unknown}
 f - a scroll of amnesia {unknown}
 h - a scroll of noise {unknown}
Potions
 e - a potion of invisibility {unknown}
 i - 3 potions of curing
 j - a potion of degeneration {unknown}
 l - a potion of magic {unknown}
Comestibles
 c - a bread ration
 k - 3 chunks of flesh


   Skills:
 + Level 3.7 Fighting
 + Level 2.2 Long Blades
 + Level 2.2 Armour
 + Level 1.1 Dodging
 + Level 2.2 Invocations


You had one spell level left.
You didn't know any spells.

Dungeon Overview and Level Annotations

Branches:
Dungeon (1/15)

Altars:


Innate Abilities, Weirdness & Mutations

You cannot be hasted, slowed, berserked, paralysed or teleported.
You can dig through walls and to a lower floor.
Your four strong arms can wield two-handed weapons with a shield.
You have a pair of large antennae on your head. (SInv)


Message History

The kobold throws a stone.
The stone hits you but does no damage.
Throwing (i - inventory):
m - 4 tomahawks (quivered)
Press: ? - help, Shift-Dir - straight line, f/p - kobold
Aim: a kobold You throw a tomahawk.
The tomahawk closely misses the kobold.
Throwing (i - inventory):
m - 3 tomahawks (quivered)
Press: ? - help, Shift-Dir - straight line, f/p - kobold
Aim: a kobold You throw a tomahawk.
The tomahawk closely misses the kobold.
You closely miss the kobold. The kobold closely misses you.
You closely miss the kobold. The kobold hits you.
* * * LOW HITPOINT WARNING * * *
The kobold hits you.
* * * LOW HITPOINT WARNING * * *
You hit the kobold but do no damage. The kobold hits you but does no damage.
You closely miss the kobold. The kobold hits you.
* * * LOW HITPOINT WARNING * * *
You hit the kobold but do no damage. The kobold barely misses you.
You miss the kobold. The kobold hits you.
You die...

#....... ###..... #..... ###
#..... (. ..# #..... #..(..# #.#
###.## .......##.##### #..# ...
#(.K.....# ##.# #..# #@# # # #.#
#..# #.# .#. #.# ### ##..#####.#
#.# #.# ..# ##.........# #.# #.#
#.# ##.....##########†# #.. #.#
##.......## ##.##.# ###..
).###.........####...#.######....
....'.........+..................
..###)........####...#.######....


You could see a kobold.

Vanquished Creatures
  A dart slug (D:1)
  2 giant cockroaches (D:1)
  3 hobgoblins (D:1)
  2 bats (D:1)
  A goblin (D:1)
  2 kobolds (D:1)
  2 rats (D:1)
13 creatures vanquished.

Notes
Turn   | Place    | Note
-------+----------+-------------------------------------------
     0 | Abyss:1  | slep the Formicid Abyssal Knight began the quest for the Orb.
     0 | Abyss:1  | Reached XP level 1. HP: 18/18 MP: 2/2
     4 | Abyss:1  | Found a corrupted altar of Lugonu.
    64 | Abyss:1  | Noticed a fire bat
    66 | D:1      | Escaped the Abyss
   236 | D:1      | Reached XP level 2. HP: 8/24 MP: 3/3
   403 | D:1      | HP: 1/24 [giant cockroach (1)]
   426 | D:1      | Reached skill level 1 in Dodging
   430 | D:1      | Reached * piety under Lugonu
   627 | D:1      | HP: 1/25 [kobold (1)]
   629 | D:1      | Slain by a kobold

Skill      XL: |  1  2 |
---------------+-------+-----
Dodging        | 1 |  1.1
Fighting       | |  3.7
Long Blades    | |  2.2
Armour         | |  2.2
Invocations    | |  2.2

Action                   || total
-------------------------++-------
Melee: Falchion          ||    76
Throw: Tomahawk          ||     4
Invok: Depart the Abyss  ||     1
  Use: Potion            ||     1
Armor: Leather armour    ||    23
Dodge: Dodged            ||    51
       Rpst.: Falchion   ||    12
